 Dungeon Crawl Stone Soup version 0.27.0-1-g7a089689b8 (webtiles) character file.

Game seed: 14890678436139147972

2505674 Konebred the Formicid Cataclysm (level 27, 245/245 HPs)
             Began as a Formicid Monk on Aug 8, 2021.
             Was a High Priest of Qazlal.
             Escaped with the Orb
             ... and 4 runes on Aug 9, 2021!
             The game lasted 06:25:46 (70121 turns).

Konebred the Formicid Cataclysm (Formicid Monk)    Turns: 70121, Time: 06:25:47

Health: 245/245    AC: 45    Str: 33    XL:     27
Magic:  36/36      EV: 23    Int: 11    God:    Qazlal [*****.]
Gold:   9777       SH: 22    Dex: 11    Spells: 26/26 levels left

rFire    + + .     SeeInvis +   H - +9 triple sword (holy)
rCold    + + +     Faith    +   I - +1 kite shield "Nadeex" {Will- Str+3 Slay+3}
rNeg     . . .     Spirit   .   f - +9 gold dragon scales
rPois    +         Reflect  .   (helmet unavailable)
rElec    +         Harm     .   N - +2 cloak of Jubuel Ujew {rElec rPois rC++ Dex-2}
rCorr    .         Rampage  .   Q - +0 pair of gloves of Vonazumy {rPois Regen+ Str+4 Int-2 Stlth+}
Will     +....                  q - +2 pair of boots of the Ethereal Slorg {rF+}
Stlth    ..........             R - amulet of faith
HPRegen  1.50/turn              u - ring of the Hare {EV+8}
MPRegen  0.25/turn              s - +4 ring of slaying

@: studying Shields, repel missiles
A: permanent stasis, dig shafts and tunnels, antennae 3, four strong arms,
camouflage 1, low mp 1, inhibited regeneration, evolution 1
0: Orb of Zot
}: 4/15 runes: decaying, slimy, silver, gossamer
a: Dig, Shaft Self, Renounce Religion, Upheaval, Elemental Force, Disaster Area


You escaped.
You worshipped Qazlal.
Qazlal was extremely pleased with you.
You visited 13 branches of the dungeon, and saw 59 of its levels.
You visited the Abyss 5 times.
You also visited: Ice Cave and Volcano.

You collected 12038 gold pieces.
You spent 2261 gold pieces at shops.

Inventory:

Hand Weapons
 E - a +6 vampiric demon blade
 H - a +9 triple sword of holy wrath (weapon)
 S - a +9 great sword of electrocution
Missiles
 n - 9 javelins (quivered)
 L - 8 throwing nets
Armour
 e - the +0 cloak of Orotimun {Contam rElec rCorr Dex+10}
   (You found it on level 3 of the Crypt)

   Dex:       It affects your dexterity (+10).
   rElec:     It insulates you from electricity.
   Contam:    It causes magical contamination when unequipped.
   rCorr:     It protects you from acid and corrosion.
 f - +9 gold dragon scales (worn)
 q - the +2 pair of boots of the Ethereal Slorg (worn) {rF+}
   (You found it on level 4 of the Dungeon)

   rF:        It protects you from fire.
 I - the +1 kite shield "Nadeex" (worn) {Will- Str+3 Slay+3}
   (You found it on level 3 of the Spider Nest)

   Str:       It affects your strength (+3).
   Slay:      It affects your accuracy & damage with ranged weapons and melee
   (+3).
   Will:      It decreases your willpower.
 N - the +2 cloak of Jubuel Ujew (worn) {rElec rPois rC++ Dex-2}
   (You took it off a draconian monk on level 2 of the Realm of Zot)

   Dex:       It affects your dexterity (-2).
   rC:        It greatly protects you from cold.
   rElec:     It insulates you from electricity.
   rPois:     It protects you from poison.
 Q - the +0 pair of gloves of Vonazumy (worn) {rPois Regen+ Str+4 Int-2 Stlth+}
   (You bought it in a shop on level 9 of the Dungeon)

   Str:       It affects your strength (+4).
   Int:       It affects your intelligence (-2).
   rPois:     It protects you from poison.
   Regen:     It increases your rate of health regeneration.
   Stlth:     It makes you more stealthy.
Jewellery
 k - an amulet of regeneration
 s - a +4 ring of slaying (right hand)
 u - the ring of the Hare (left hand) {EV+8}
   (You took it off a rakshasa on level 3 of the Depths)

   [ring of evasion]

   EV:        It affects your evasion (+8).
 y - a ring of protection from cold
 P - a ring of willpower
 R - an amulet of faith (around neck)
 U - an amulet of reflection
 V - the ring of the Monkey {Fly rF+ Str+2}
   (You took it off a vampire knight on level 4 of the Depths)

   [ring of protection from fire]

   Str:       It affects your strength (+2).
   rF:        It protects you from fire.
   Fly:       It grants you flight.
Wands
 l - a wand of polymorph (6)
 x - a wand of acid (13)
 B - a wand of iceblast (58)
 J - a wand of flame (29)
 T - a wand of mindburst (34)
 W - a wand of paralysis (43)
Scrolls
 b - 37 scrolls of identify
 c - 3 scrolls of silence
 h - 7 scrolls of fear
 i - 2 scrolls of immolation
 j - 4 scrolls of brand weapon
 p - a scroll of enchant armour
 D - 9 scrolls of fog
 G - 6 scrolls of magic mapping
 K - a scroll of holy word
 M - 4 scrolls of summoning
Potions
 d - 3 potions of might
 g - 2 potions of cancellation
 o - 10 potions of magic
 r - 4 potions of lignification
 t - 5 potions of curing
 v - 7 potions of resistance
 w - a potion of invisibility
 Y - a potion of mutation
 Z - 12 potions of flight
Miscellaneous
 a - a condenser vane
 m - the horn of Geryon
 A - a phantom mirror
 F - a tin of tremorstones (2/2)


   Skills:
 - Level 26.0 Fighting
 - Level 24.0 Long Blades
 - Level 7.0 Throwing
 - Level 26.0 Armour
 + Level 22.0 Dodging
 - Level 2.4 Stealth
 - Level 15.0 Shields
 O Level 27 Invocations
 - Level 12.0 Evocations


You had 26 spell levels left.
You didn't know any spells.
Your spell library contained the following spells:

 Spells                   Type           Power      Damage    Failure   Level
 Animate Skeleton         Necr           0%         N/A       87%         1
 Apportation              Tloc           0%         N/A       87%         1
 Beastly Appendage        Tmut           0%         N/A       87%         1
 Corona                   Hex            0%         N/A       87%         1
 Foxfire                  Conj/Fire      0%         2x1d4     87%         1
 Magic Dart               Conj           0%         1d3       87%         1
 Pain                     Necr           0%         1d4       87%         1
 Shock                    Conj/Air       0%         1d3       87%         1
 Sting                    Tmut/Pois      0%         1d3       87%         1
 Call Imp                 Summ           0%         N/A       95%         2
 Corpse Rot               Necr/Air       N/A        N/A       95%         2
 Ensorcelled Hibernation  Hex/Ice        0%         N/A       95%         2
 Poisonous Vapours        Pois/Air       0%         N/A       95%         2
 Slow                     Hex            0%         N/A       95%         2
 Static Discharge         Conj/Air       0%         N/A       95%         2
 Sublimation of Blood     Necr           0%         N/A       95%         2
 Wereblood                Tmut           0%         N/A       95%         2
 Call Canine Familiar     Summ           0%         N/A       99%         3
 Confusing Touch          Hex            0%         N/A       99%         3
 Conjure Flame            Conj/Fire      0%         6-21      99%         3
 Frozen Ramparts          Ice            0%         1d2       99%         3
 Gell's Gravitas          Tloc           0%         N/A       99%         3
 Ignite Poison            Fire/Tmut/Pois 0%         N/A       99%         3
 Lesser Beckoning         Tloc           0%         N/A       99%         3
 Mephitic Cloud           Conj/Pois/Air  0%         N/A       99%         3
 Portal Projectile        Hex/Tloc       0%         N/A       99%         3
 Spider Form              Tmut/Pois      0%         N/A       99%         3
 Stone Arrow              Conj/Erth      0%         3d7       99%         3
 Teleport Other           Tloc           0%         N/A       99%         3
 Vampiric Draining        Necr           0%         2d6       99%         3
 Airstrike                Air            0%         N/A       100%        4
 Animate Armour           Summ/Erth      0%         N/A       100%        4
 Animate Dead             Necr           0%         N/A       100%        4
 Cause Fear               Hex            0%         N/A       100%        4
 Dispel Undead            Necr           0%         3d6       100%        4
 Fulminant Prism          Conj/Hex       0%         3d6       100%        4
 Hailstorm                Conj/Ice       0%         3d3       100%        4
 Ice Form                 Ice/Tmut       0%         N/A       100%        4
 Iskenderun's Mystic Bla  Conj/Tloc      0%         2d3       100%        4
 Leda's Liquefaction      Hex/Erth       0%         N/A       100%        4
 Olgreb's Toxic Radiance  Pois           0%         N/A       100%        4
 Passage of Golubria      Tloc           N/A        N/A       100%        4
 Petrify                  Tmut/Erth      0%         N/A       100%        4
 Sticky Flame             Conj/Fire      0%         2d3       100%        4
 Summon Ice Beast         Ice/Summ       0%         N/A       100%        4
 Summon Lightning Spire   Summ/Air       0%         N/A       100%        4
 Agony                    Necr           0%         N/A       100%        5
 Alistair's Intoxication  Tmut/Pois      0%         N/A       100%        5
 Blade Hands              Tmut           0%         N/A       100%        5
 Borgnjor's Vile Clutch   Necr/Erth      0%         N/A       100%        5
 Excruciating Wounds      Necr           0%         N/A       100%        5
 Fireball                 Conj/Fire      0%         3d3       100%        5
 Freezing Cloud           Conj/Ice/Air   0%         6-21      100%        5
 Irradiate                Conj/Tmut      0%         3d14      100%        5
 Iskenderun's Battlesphe  Conj           0%         2d6       100%        5
 Lee's Rapid Deconstruct  Erth           0%         3d5*      100%        5
 Lightning Bolt           Conj/Air       0%         1d11      100%        5
 Manifold Assault         Tloc           0%         N/A       100%        5
 Metabolic Englaciation   Hex/Ice        0%         N/A       100%        5
 Silence                  Hex/Air        0%         N/A       100%        5
 Summon Forest            Summ/Tloc      0%         N/A       100%        5
 Summon Mana Viper        Hex/Summ       0%         N/A       100%        5
 Conjure Ball Lightning   Conj/Air       0%         3x3d6     100%        6
 Death Channel            Necr           0%         N/A       100%        6
 Dispersal                Tloc           0%         N/A       100%        6
 Eringya's Noxious Bog    Tmut/Pois      0%         N/A       100%        6
 Invisibility             Hex            0%         N/A       100%        6
 Iron Shot                Conj/Erth      0%         9d1       100%        6
 Shadow Creatures         Summ           N/A        N/A       100%        6
 Simulacrum               Ice/Necr       0%         N/A       100%        6
 Statue Form              Tmut/Erth      0%         N/A       100%        6
 Dragon Form              Tmut           0%         N/A       100%        7
 Haunt                    Necr/Summ      0%         N/A       100%        7
 Malign Gateway           Summ/Tloc      0%         N/A       100%        7
 Monstrous Menagerie      Summ           0%         N/A       100%        7
 Orb of Destruction       Conj           0%         N/A       100%        7
 Ozocubu's Refrigeration  Ice            0%         4d5       100%        7
 Storm Form               Tmut/Air       0%         N/A       100%        7
 Summon Hydra             Summ           0%         N/A       100%        7
 Borgnjor's Revivificati  Necr           0%         N/A       100%        8
 Ignition                 Fire           0%         3d3       100%        8
 Infestation              Necr           0%         N/A       100%        8
 Lehudib's Crystal Spear  Conj/Erth      0%         10d2      100%        8
 Maxwell's Capacitive Co  Air            0%         ∞         100%        8
 Summon Horrible Things   Summ           0%         N/A       100%        8
 Death's Door             Necr           0%         N/A       100%        9
 Dragon's Call            Summ           0%         N/A       100%        9
 Fire Storm               Conj/Fire      0%         5d1       100%        9
 Blink                    Tloc           Unusable   N/A       N/A         2
 Swiftness                Air            Unusable   N/A       N/A         3

Dungeon Overview and Level Annotations

Branches:
Dungeon (15/15)            Temple (1/1) D:5            Lair (6/6) D:9
  Swamp (4/4) Lair:2       Spider (4/4) Lair:3        Slime (5/5) Lair:5
    Orc (2/2) D:12            Elf (3/3) Orc:2        Vaults (5/5) D:13
  Crypt (3/3) Vaults:2       Tomb (0/3) Crypt:3      Depths (5/5) D:15
   Hell (visited)             Dis (0/7) Hell            Geh (0/7) Hell
    Coc (0/7) Hell            Tar (0/7) Hell            Zot (5/5) Depths:5
  IceCv (visited)         Volcano (visited)

Altars:
Cheibriados
Hepliaklqana
Makhleb
Nemelex Xobeh
Okawaru
Qazlal
Trog
Wu Jian
Xom
Yredelemnul
Beogh

Shops:
D:9 *   D:11 [!*   Orc:2 (([?   Vaults:1 [   Vaults:4 *   Vaults:5 [
Depths:1 *([?   Depths:2 :==   Depths:4 !

Portals:
Hell: Depths:1 Depths:2 Depths:3 Depths:4 Depths:5
Abyss: Orc:2 Depths:2 Depths:4
Pandemonium: Depths:3
Ziggurat: Depths:3

Annotations:
D:6 1 runed translucent door, Crazy Yiuf


Innate Abilities, Weirdness & Mutations

You cannot be hasted, slowed, berserked, paralysed or teleported.
You can dig through walls and to a lower floor.
You have a pair of large antennae on your head. (SInv)
Your four strong arms can wield two-handed weapons with a shield.
Your skin changes colour to match your surroundings (Stealth+).
Your magical capacity is low. (-10% MP)
You do not regenerate when monsters are visible.
You evolve.


Message History

You block the profane servitor's attack.
The profane servitor hits you but does no damage.
You slice the profane servitor!!
The profane servitor is heavily damaged.
The profane servitor hits you but does no damage.
You block the profane servitor's attack.
You hit the profane servitor but do no damage.
The profane servitor is heavily damaged.
The profane servitor hits you but does no damage. x2
You miss the profane servitor.
The profane servitor is heavily damaged.
You block the profane servitor's attack. x2
You cut the profane servitor into ribbons!!!
The profane servitor is almost destroyed.
You block the profane servitor's attack.
The profane servitor hits you but does no damage.
You completely miss the profane servitor.
The profane servitor is almost destroyed.
You block the profane servitor's attack.
The profane servitor hits you with a +2 demon whip!
You feel drained.
You block the profane servitor's attack.
The profane servitor barely misses you.
You closely miss the profane servitor.
The profane servitor is almost destroyed.
You block the profane servitor's attack. x2
You chop the profane servitor into pieces!!!
You destroy the profane servitor!
Qazlal accepts your kill.
Your life force feels restored.
Your Dodging skill increases to level 22!
You see here a +2 demon whip.
(D) Dungeon (T) Temple (L) Lair (S) Swamp (N) Spider Nest (M) Slime Pits (O) Orcish Mines (E) Elven Halls (V) Vaults (C) Crypt (W) Tomb (U) Depths (H) Hell (I) Dis (G) Gehenna (X) Cocytus (Y) Tartarus (Z) Zot
Where to? (Enter - D:1 @ (x,y), ? - help)
There is a staircase leading out of the dungeon here.
You have escaped!

#...###.........#........
#...# #.........#....####
#...# #.........#....# #
#...# #....#....#....# #
#...# ######....#....# #
#...# ####...##....# #
##### ###......####### #
#.☼§#....# # #.@.#....# #
#...#.##.# #######
#####.##.# ##......
#......###.......
####....##..#...#
#....##......#
#.......##.###
#######....# ######


There were no monsters in sight!

Vanquished Creatures
  the Royal Jelly (Slime:5)
  2 dread liches (Zot:5)
  5 ancient liches
  8 orbs of fire
  The ghost of Tuthrouhu the Harbinger of Death, a master DsGl of Yredelemnul (Zot:2)
  A juggernaut (Depths:3)
  A pandemonium lord (Zot:5)
  Sojobo (Crypt:1)
  6 Killer Klowns
  Bai Suzhen (Depths:1)
  Xtahua (Crypt:2)
  Margery (Crypt:2)
  Geryon (Hell)
  4 curse toes
  6 golden dragons
  8 bone dragons
  3 profane servitors
  4 electric golems
  A hellephant (Abyss:1)
  27 tentacled monstrosities
  A Hell Sentinel (D:1)
  An Ice Fiend (Zot:2)
  26 Orb Guardians (Zot:5)
  10 liches
  5 titans
  2 deep elf master archers (Elf:3)
  12 quicksilver dragons
  An eldritch tentacle (Vaults:3)
  8 death cobs
  4 deep elf blademasters (Elf:3)
  4 Executioners
  4 ancient champions
  Murray (Depths:1)
  22 tentacled starspawn
  Gastronok (D:10)
  5 thorn hunters
  21 acid blobs
  7 tengu reavers
  3 sphinxes
  21 shadow dragons
  13 storm dragons
  Kirke (Swamp:2)
  20 azure jellies
  12 draconian monks
  A fenstrider witch (Swamp:3)
  3 revenants
  Donald (Swamp:3)
  10 rockslimes
  13 vault wardens
  6 deep elf sorcerers
  5 fire giants
  An iron dragon (Depths:4)
  2 draconian knights
  An orc warlord (Orc:2)
  6 emperor scorpions
  8 balrugs
  6 draconian scorchers
  5 cacodemons
  11 frost giants
  Louise (Depths:1)
  2 curse skulls
  4 draconian shifters
  3 deep elf elementalists
  4 angels
  8 ghost moths
  2 spriggan defenders (Depths:4)
  4 ghouls
  4 war gargoyles
  10 quicksilver oozes
  2 draconian stormcallers
  15 ironbound preservers
  5 draconian annihilators
  13 stone giants
  39 very ugly things
  9 reapers
  8 green draconians
  11 vampire knights
  5 deep elf demonologists
  4 black draconians
  4 deep elf annihilators
  Azrael (Orc:1)
  2 bunyips
  6 white draconians
  10 dire elephants
  2 lorocyprocas
  6 entropy weavers
  3 yellow draconians
  3 spark wasps
  23 purple draconians
  The ghost of mhtbhm the Spear-Bearer, a journeyman DrBe of Trog (Orc:2)
  17 red draconians
  16 eidola
  9 ettins
  4 deep elf death magi
  A merfolk impaler (Depths:2)
  2 spectral golden dragons (Crypt:3)
  2 crystal guardians
  A merfolk javelineer (Depths:2)
  A green death (D:14)
  3 spectral quicksilver dragons (Crypt:3)
  10 fire dragons
  11 yaktaur captains
  4 eleionomae
  10 deep elf high priests
  4 blizzard demons
  2 jiangshi (Crypt:1)
  2 shambling mangroves (Swamp:4)
  12 great orbs of eyes
  3 ironbound thunderhulks
  13 ice dragons
  9 boulder beetles
  A ghost crab (Swamp:4)
  2 naga warriors (Abyss:3)
  5 rakshasas
  33 vault guards
  3 peacekeepers
  4 ogre magi
  2 salamander tyrants (Depths:3)
  4 hell beasts
  32 hydras
  7 ironbound frosthearts
  6 spriggan air magi
  A catoblepas (Lair:5)
  11 centaur warriors
  3 spectral stone giants (Crypt:3)
  12 death yaks (Lair:4)
  A spectral fire giant (Crypt:3)
  A spectral frost giant (Crypt:3)
  17 two-headed ogres
  30 dancing weapons
  26 thrashing horrors
  3 death knights
  5 tengu warriors
  6 hell hogs
  12 alligators
  7 deep troll shamans
  6 orc high priests
  8 vampire magi
  6 deep troll earth magi
  9 ironbound beastmasters
  A titan zombie (Abyss:1)
  A spectral dire elephant (Crypt:3)
  8 soul eaters
  3 spectral storm dragons (Crypt:3)
  26 skeletal warriors
  5 spriggan berserkers (Depths:4)
  23 deep elf knights
  Sonja (Lair:5)
  18 sun demons
  3 salamander mystics
  34 hell knights
  20 wretched stars
  9 sixfirhies
  9 shadow wraiths
  A storm dragon skeleton (Crypt:2)
  7 goliath frogs
  2 quicksilver dragon simulacra
  2 sea snakes (shapeshifter)
  4 spatial maelstroms
  64 large abominations
  A death drake (Abyss:5)
  64 deep trolls
  9 swamp dragons
  11 flayed ghosts
  6 iron trolls
  2 ghost moth zombies
  7 glowing orange brains
  6 bog bodies
  18 ironbound convokers
  10 deep elf archers
  3 iron giant skeletons
  A gelid demonspawn (Depths:3)
  8 necromancers
  6 harpies (Vaults:1)
  A wolf spider (shapeshifter) (Depths:4)
  20 phantasmal warriors
  8 lindwurms
  6 wizards
  36 deep elf pyromancers
  24 deep elf zephyrmancers
  A goliath frog zombie (Crypt:2)
  51 ugly things
  A stone giant zombie (Vaults:2)
  3 manticores
  An orc knight (Orc:2)
  3 fire giant zombies
  30 wolf spiders
  3 cyclopes
  5 orc sorcerers (Orc:2)
  8 shining eyes
  A spectral fire dragon (Crypt:3)
  A salamander (shapeshifter) (Vaults:5)
  9 worldbinders
  16 orb spiders
  9 elephants
  9 salamanders
  5 will-o-the-wisps
  23 moths of wrath
  A moth of wrath (shapeshifter) (D:15)
  2 mana vipers
  A manticore (shapeshifter) (Vaults:5)
  A shining eye (shapeshifter) (Elf:2)
  6 black mambas
  A stone giant skeleton (D:15)
  3 torpor snails
  A guardian serpent (Abyss:3)
  7 rust devils
  17 vault sentinels
  A cane toad (shapeshifter) (D:15)
  9 molten gargoyles
  28 smoke demons
  5 gargoyles
  3 ice statues
  24 cane toads
  4 apocalypse crabs
  5 orange demons
  4 eyes of devastation
  A naga mage (Vaults:3)
  5 unseen horrors
  4 hellions
  2 sea snake zombies (Hell)
  A tormentor (Abyss:4)
  5 rime drakes
  A white draconian zombie (Crypt:3)
  A komodo dragon (shapeshifter) (Vaults:5)
  8 kobold demonologists
  2 anaconda simulacra
  5 tengu conjurers
  15 yaktaurs
  5 efreet
  9 hellwings
  9 komodo dragons
  An entropy weaver simulacrum (IceCv)
  A minotaur skeleton (Crypt:2)
  28 freezing wraiths
  13 demonic crawlers
  A yaktaur (shapeshifter) (Vaults:3)
  18 ice devils
  13 ancient zymes
  28 jumping spiders
  7 red devils
  2 bloated husks (Swamp:3)
  A silent spectre (Abyss:2)
  3 meliai (Spider:3)
  10 tyrant leeches
  A sea snake skeleton (Hell)
  4 polar bears
  21 hornets
  A hornet (shapeshifter) (Abyss:2)
  A polar bear (shapeshifter) (Elf:1)
  A moth of wrath zombie (Crypt:3)
  2 trolls
  2 hydra zombies (Hell)
  2 hydra skeletons (Hell)
  33 raiju
  46 blink frogs
  A fire dragon zombie (D:15)
  A spectral swamp dragon (Crypt:3)
  An ettin zombie (Crypt:2)
  An ice dragon zombie (Crypt:1)
  A dream sheep (Lair:4)
  A deep troll zombie (D:15)
  101 slime creatures
  2 alligator zombies (Hell)
  A frost giant simulacrum (Crypt:3)
  135 starcursed masses
  A stone giant simulacrum (Vaults:2)
  23 flying skulls
  A black mamba zombie (Crypt:2)
  A spriggan (shapeshifter) (Elf:3)
  6 air elementals
  21 ynoxinuls
  23 tarantellas
  2 vampires
  2 dire elephant simulacra (IceCv)
  60 yaks
  Sigmund (D:2)
  76 redbacks
  9 water elementals
  A shadow (Crypt:3)
  4 yaks (shapeshifter)
  12 spriggans
  6 wyverns
  8 wraiths
  28 fire elementals
  14 vampire mosquitoes
  2 hogs
  15 chaos spawn
  6 fire bats
  57 small abominations
  2 steam dragons (D:8)
  4 basilisks
  4 death yak simulacra (IceCv)
  A golden eye (Abyss:2)
  16 neqoxecs
  2 spatial vortices (Vaults:3)
  3 human zombies
  A two-headed ogre zombie (Crypt:1)
  12 swamp worms
  3 acid dragons
  A harpy simulacrum (Vaults:3)
  4 wargs
  3 nagas (Abyss:3)
  Menkaure (D:7)
  20 hell hounds
  2 floating eyes
  A two-headed ogre skeleton (Crypt:2)
  17 water moccasins
  3 hydra simulacra
  7 swamp drakes
  A dream sheep zombie (Crypt:1)
  3 black bears
  32 orc warriors
  4 ice beasts
  A black mamba simulacrum (Vaults:3)
  4 ogres
  20 wolves
  A swamp dragon zombie (Crypt:3)
  5 necrophages
  10 centaurs
  3 boggarts (D:15)
  A lindwurm skeleton (Crypt:3)
  A phantom (D:7)
  A salamander zombie (Crypt:1)
  2 kobold brigands
  13 bullfrogs
  A gnoll sergeant (D:8)
  A wyvern zombie (D:8)
  A two-headed ogre simulacrum (IceCv)
  3 scorpions
  3 earth elementals
  A wyvern skeleton (D:6)
  4 cane toad simulacra (IceCv)
  A hornet simulacrum (D:13)
  A water moccasin zombie (D:5)
  A spectral tengu (Crypt:3)
  A troll zombie (Swamp:3)
  A warg skeleton (Crypt:3)
  4 elephant simulacra
  A swamp dragon simulacrum (Crypt:3)
  9 killer bees
  2 vampire bats
  A troll skeleton (Swamp:3)
  15 wights
  3 howler monkeys (D:13)
  3 electric eels
  6 lava snakes
  3 quasits
  A wolf skeleton (Crypt:2)
  26 orc priests
  7 hounds
  2 centaur skeletons (D:7)
  3 centaur zombies
  An iguana (D:4)
  7 jellies
  5 iron imps
  A bullfrog skeleton (D:7)
  Terence (D:2)
  27 orc wizards
  3 polar bear simulacra (IceCv)
  3 troll simulacra
  6 hell rats (Hell)
  A spriggan simulacrum (IceCv)
  6 wolf simulacra (IceCv)
  A demigod zombie (Crypt:2)
  A hound zombie (D:5)
  A naga skeleton (Crypt:3)
  A felid skeleton (Crypt:1)
  A howler monkey zombie (D:11)
  3 mummies (Crypt:1)
  8 gnolls
  A swamp drake zombie (Crypt:1)
  5 adders
  4 naga simulacra
  10 white imps
  8 ufetubi
  A worm zombie (Crypt:2)
  2 worms
  74 orcs
  12 endoplasms
  3 giant cockroaches
  A gnoll zombie (Crypt:2)
  8 goblins
  6 hobgoblins
  4 jackals
  9 ball pythons
  8 bats
  3 frilled lizards
  A goblin zombie (Crypt:2)
  15 kobolds
  8 rats
  A rat zombie (Crypt:1)
  6 briar patches
  A fire vortex (Depths:3)
  3 lurking horrors
  15 starspawn tentacles
3307 creatures vanquished.

Vanquished Creatures (collateral kills)
  A tengu reaver (Vaults:5)
  A shadow dragon (Vaults:5)
  2 red draconians (Zot:2)
  Erica (D:9)
  A fire elemental (Zot:2)
6 creatures vanquished.

Vanquished Creatures (others)
  Asterion (Spider:3)
  A shadow dragon (Vaults:5)
  A draconian knight (Zot:2)
  A very ugly thing (Abyss:4)
  An ogre mage (Vaults:3)
  A hydra (Swamp:3)
  A deep elf knight (Elf:2)
  A deep elf zephyrmancer (Elf:2)
  A moth of wrath (Zot:4)
  A guardian serpent (Abyss:3)
  2 bloated husks
  A hornet (Swamp:4)
  A blink frog (Abyss:2)
  A chaos spawn (Abyss:5)
  4 humans (D:14)
  A small abomination (Abyss:3)
  A swamp worm (Swamp:3)
  A swamp drake (Swamp:4)
  2 orc warriors (Orc:2)
  An ogre (shapeshifter) (Vaults:5)
  2 wights
  A starcursed mass (Abyss:4)
  2 orc priests (Orc:2)
  A white imp (Abyss:2)
  An orc (Orc:2)
  13 briar patches
  5 bushes (Lair:6)
  3 demonic plants (Abyss:3)
  14 foxfires
  54 fungi
  111 plants
  51 starspawn tentacles
  3 withered plants (D:15)
286 creatures vanquished.

Grand Total: 3599 creatures vanquished

Notes
Turn   | Place    | Note
-------+----------+-------------------------------------------
     0 | D:1      | Konebred the Formicid Monk began the quest for the Orb.
     0 | D:1      | Reached XP level 1. HP: 18/18 MP: 1/1
   218 | D:1      | Reached skill level 1 in Armour
   218 | D:1      | Reached XP level 2. HP: 24/24 MP: 2/2
   357 | D:1      | You fall into a shaft and drop 1 floor!
   507 | D:1      | Reached XP level 3. HP: 27/29 MP: 3/3
  1121 | D:2      | Noticed Terence
  1261 | D:2      | Noticed a scorpion
  1544 | D:3      | Reached XP level 4. HP: 35/35 MP: 4/4
  1677 | D:3      | You fall into a shaft and drop 1 floor!
  2207 | D:4      | Reached XP level 5. HP: 39/41 MP: 5/5
  2885 | D:4      | Reached skill level 1 in Throwing
  2961 | D:4      | Reached XP level 6. HP: 38/47 MP: 6/6
  2962 | D:4      | Identified the +2 pair of boots of the Ethereal Slorg {rF+}
  3401 | D:4      | Reached skill level 5 in Long Blades
  3736 | D:5      | Entered Level 5 of the Dungeon
  3781 | D:5      | Noticed a necrophage
  3791 | D:5      | Killed a necrophage
  3792 | D:5      | Reached XP level 7. HP: 47/52 MP: 7/7
  4142 | D:5      | Found a staircase to the Ecumenical Temple.
  4153 | Temple   | Entered the Ecumenical Temple
  4183 | Temple   | Became a worshipper of Qazlal Stormbringer
  4183 | Temple   | Reached * piety under Qazlal
  4183 | Temple   | Reached ** piety under Qazlal
  4227 | D:5      | Reached skill level 5 in Armour
  4227 | D:5      | Reached skill level 1 in Invocations
  4364 | D:5      | Reached XP level 8. HP: 56/61 MP: 7/9
  4424 | D:5      | Reached skill level 2 in Invocations
  4624 | D:5      | Found a hazy altar of Hepliaklqana.
  5118 | D:6      | Reached skill level 5 in Fighting
  5118 | D:6      | Reached skill level 3 in Invocations
  5150 | D:6      | Reached skill level 1 in Evocations
  5500 | D:6      | Reached skill level 4 in Invocations
  5861 | D:6      | Found a runed translucent door.
  5862 | D:6      | Noticed Crazy Yiuf
  6079 | D:7      | Noticed Menkaure
  6084 | D:7      | Killed Menkaure
  6085 | D:7      | Reached XP level 9. HP: 66/68 MP: 7/12
  6284 | D:7      | Reached skill level 5 in Invocations
  6737 | D:7      | Reached skill level 6 in Invocations
  7048 | D:8      | Reached skill level 5 in Evocations
  7090 | D:8      | Reached skill level 1 in Shields
  7736 | D:2      | Reached XP level 10. HP: 74/74 MP: 14/14
  7770 | D:2      | Killed Terence
  8067 | D:2      | Reached *** piety under Qazlal
  8101 | D:2      | Noticed Sigmund
  8107 | D:2      | Killed Sigmund
  8871 | D:9      | Found Cept's General Store.
  8882 | D:9      | Bought the +0 pair of gloves of Vonazumy {rPois Regen+
                  | Str+4 Int-2 Stlth+} for 272 gold pieces
  8939 | D:9      | Noticed a kobold demonologist
  8948 | D:9      | Killed a kobold demonologist
  8949 | D:9      | Reached skill level 5 in Shields
  9011 | D:9      | Noticed a two-headed ogre
  9014 | D:9      | Killed a two-headed ogre
  9015 | D:9      | Noticed an elephant
  9059 | D:9      | Killed an elephant
  9123 | D:9      | Found a staircase to the Lair.
  9126 | D:9      | Noticed a two-headed ogre
  9158 | D:9      | Killed a two-headed ogre
  9159 | D:9      | Reached skill level 10 in Long Blades
  9263 | D:9      | Found a hazy altar of Hepliaklqana.
  9311 | D:9      | Reached XP level 11. HP: 79/79 MP: 15/15
  9346 | D:9      | Noticed Erica
  9380 | D:9      | Killed Erica
  9926 | D:10     | Entered Level 10 of the Dungeon
 10059 | D:10     | Reached skill level 10 in Shields
 10156 | D:10     | Noticed a two-headed ogre
 10163 | D:10     | Killed a two-headed ogre
 10281 | D:10     | Noticed Gastronok
 10628 | D:11     | Noticed a two-headed ogre
 10634 | D:11     | Killed a two-headed ogre
 10726 | D:11     | Found Fiylu's Assorted Antiques.
 10734 | D:11     | Bought a potion of heal wounds for 165 gold pieces
 10744 | D:11     | Found a frozen archway.
 10772 | IceCv    | Entered an ice cave
 10825 | IceCv    | Reached **** piety under Qazlal
 10942 | IceCv    | Reached XP level 12. HP: 86/86 MP: 12/16
 11265 | IceCv    | Found the +4 skin of Zhor {*Englaciate rC+++ SInv}
 11499 | IceCv    | Found an ancient bone altar of Kikubaaqudgha.
 11871 | D:11     | Noticed a boulder beetle
 12150 | D:11     | Killed a boulder beetle
 12256 | D:11     | Found Vurr's Distillery.
 12259 | D:11     | Bought 2 potions of curing for 102 gold pieces
 12279 | D:11     | Found Hakhusoo's Antique Armour Shoppe.
 12280 | D:11     | Noticed a two-headed ogre
 12289 | D:11     | Killed a two-headed ogre
 12290 | D:11     | Reached XP level 13. HP: 91/91 MP: 17/17
 12291 | D:11     | Reached skill level 5 in Dodging
 12709 | Lair:1   | Entered Level 1 of the Lair of Beasts
 12852 | Lair:1   | Reached ***** piety under Qazlal
 12902 | Lair:1   | Noticed a six-headed hydra
 12910 | Lair:1   | Killed a four-headed hydra
 13550 | Lair:2   | Found a staircase to the Swamp.
 14173 | Lair:2   | Noticed a five-headed hydra
 14191 | Lair:2   | Killed a three-headed hydra
 14589 | Lair:3   | Noticed a five-headed hydra
 14593 | Lair:3   | Reached XP level 14. HP: 101/101 MP: 18/18
 14743 | Lair:2   | Reached skill level 15 in Shields
 14914 | Lair:3   | Found a hole to the Spider Nest.
 15556 | Lair:4   | You fall into a shaft and drop 2 floors!
 15556 | Lair:6   | Entered Level 6 of the Lair of Beasts
 15652 | Lair:5   | Noticed Sonja
 15679 | Lair:5   | Killed Sonja
 15708 | Lair:5   | Reached ****** piety under Qazlal
 15829 | Lair:4   | Reached skill level 10 in Fighting
 15887 | Lair:4   | Found a dark tunnel.
 15896 | Volcano  | Entered a volcano
 16110 | Volcano  | Found a bloodstained altar of Trog.
 16120 | Volcano  | Reached skill level 10 in Dodging
 16129 | Volcano  | Reached XP level 15. HP: 104/117 MP: 19/19
 16334 | Lair:4   | Reached skill level 7 in Invocations
 17292 | Lair:5   | Reached skill level 8 in Invocations
 17436 | Lair:5   | Found a staircase to the Slime Pits.
 17836 | Lair:5   | Reached skill level 9 in Invocations
 17981 | Lair:6   | Reached skill level 10 in Invocations
 18184 | Lair:6   | Reached XP level 16. HP: 107/124 MP: 22/24
 18334 | Lair:6   | Reached skill level 11 in Invocations
 18413 | Lair:6   | Found the +2 robe of Vines {NoPotionHeal Regen+++}
 18451 | Lair:6   | Identified the +1 glaive "Ulapp" {elec, Will++ Str-4 Dex+4}
 18483 | Lair:6   | Reached skill level 10 in Evocations
 18682 | Lair:6   | Found an iron altar of Okawaru.
 19039 | D:10     | Identified the +0 ring mail "Nubbiz" {+Inv Dex+4}
 19236 | D:12     | Reached skill level 12 in Invocations
 19447 | D:12     | Found a staircase to the Orcish Mines.
 20343 | D:13     | Reached skill level 13 in Invocations
 20429 | D:13     | Found a gate to the Vaults.
 20861 | D:14     | You fall into a shaft and drop 1 floor!
 20861 | D:15     | Entered Level 15 of the Dungeon
 20930 | D:15     | Reached skill level 14 in Invocations
 20930 | D:15     | Reached XP level 17. HP: 79/129 MP: 13/27
 21411 | D:14     | Reached skill level 15 in Invocations
 21716 | D:14     | Identified a scroll of acquirement
 21725 | D:14     | Acquired a manual of Fighting
 21803 | D:14     | Found a burning altar of Makhleb.
 21813 | D:14     | Found the +3 pair of seven-league boots {Rampage+∞}
 21912 | D:14     | Found an ornate altar of the Wu Jian Council.
 22228 | D:14     | Gained mutation: You are dopey. (Int -2) [a cacodemon]
 22297 | D:14     | You fall into a shaft and drop 1 floor!
 22581 | D:15     | Found a staircase to the Depths.
 22858 | D:10     | Killed Gastronok
 22913 | Orc:1    | Entered Level 1 of the Orcish Mines
 23330 | Orc:2    | Entered Level 2 of the Orcish Mines
 23781 | Orc:2    | Noticed Azrael
 23865 | Orc:1    | Killed Azrael
 24097 | Orc:2    | Found a transporter.
 24101 | Orc:2    | Found a transporter.
 24102 | Orc:2    | Noticed mhtbhm's ghost (journeyman DrBe)
 24356 | Orc:2    | Identified the +8 chain mail of Fios {Dex+3}
 24358 | Orc:2    | Identified the +7 chain mail of the Trees {-Cast +Blink
                  | rN+}
 24376 | Orc:2    | Found a staircase to the Elven Halls.
 24399 | Orc:2    | Found Dumoytu's Antique Weapon Emporium.
 24399 | Orc:2    | Found Uwolonol's Armour Shoppe.
 24400 | Orc:2    | Found Usajep's Magic Scroll Shoppe.
 24404 | Orc:2    | Found Zisiagriow's Weapon Emporium.
 24409 | Orc:2    | Bought a scroll of enchant weapon for 90 gold pieces
 24409 | Orc:2    | Bought a scroll of enchant weapon for 90 gold pieces
 24563 | Orc:2    | Bought a glowing great sword for 332 gold pieces
 24647 | Orc:2    | Found a one-way gate to the infinite horrors of the Abyss.
 25089 | Spider:1 | Entered Level 1 of the Spider Nest
 25177 | Spider:1 | Reached XP level 18. HP: 144/144 MP: 29/29
 27666 | Spider:3 | Reached skill level 15 in Fighting
 28051 | Spider:3 | Identified the +1 kite shield "Nadeex" {Will- Str+3 Slay+3}
 28051 | Spider:3 | Noticed Asterion
 28070 | Spider:3 | Killed Asterion
 28405 | Spider:4 | Entered Level 4 of the Spider Nest
 28623 | Spider:4 | Identified the +2 scale mail "Ahyisob" {rC+}
 28711 | Spider:4 | Identified the +6 dire flail of Seanuu {flame, rPois rC+
                  | rN+}
 29079 | Spider:4 | Reached XP level 19. HP: 157/161 MP: 30/30
 29364 | Spider:4 | Got a gossamer rune of Zot
 29690 | Swamp:1  | Entered Level 1 of the Swamp
 29712 | Swamp:1  | Reached skill level 10 in Armour
 30486 | Swamp:2  | Noticed Kirke
 30500 | Swamp:2  | Killed Kirke
 31674 | Swamp:4  | Entered Level 4 of the Swamp
 31713 | Swamp:4  | Reached XP level 20. HP: 170/170 MP: 31/31
 31735 | Swamp:4  | Noticed Donald
 31766 | Swamp:3  | Killed Donald
 32253 | Swamp:4  | Reached skill level 15 in Long Blades
 32269 | Swamp:4  | Got a decaying rune of Zot
 32639 | Vaults:1 | Entered Level 1 of the Vaults
 33176 | Vaults:1 | Reached XP level 21. HP: 159/177 MP: 32/32
 33234 | Vaults:1 | Found Ecoisa's Antique Armour Boutique.
 33237 | Vaults:1 | Bought a steaming scale mail for 261 gold pieces
 33237 | Vaults:1 | Identified the +3 scale mail of Qowutwe {rElec rC+ rCorr
                  | Stlth-} (You bought it in a shop on level 1 of the Vaults)
 34364 | Vaults:2 | Cast into level 2 of the Abyss (a wizard)
 34459 | Abyss:2  | Found a corrupted altar of Lugonu.
 34659 | Vaults:2 | Escaped the Abyss
 35264 | Vaults:2 | Reached XP level 22. HP: 167/178 MP: 33/33
 35315 | Vaults:2 | Found a staircase to the Crypt.
 35795 | Vaults:3 | You fall into a shaft and drop 1 floor!
 35946 | Vaults:4 | Found Jioni's General Store.
 35972 | Vaults:4 | Bought 2 potions of curing for 114 gold pieces
 36271 | Vaults:3 | Got the Grimoire of Cold
 36527 | Vaults:3 | Got Sif Muna's Handbook of Transformation
 36645 | Vaults:3 | Got the Incunabulum of Orientation
 37738 | Vaults:4 | Reached skill level 16 in Invocations
 38608 | Depths:1 | Entered Level 1 of the Depths
 38801 | Depths:1 | Found Jeblufeu's Weapon Boutique.
 38802 | Depths:1 | Found Mikhad's Magic Scroll Shop.
 38802 | Depths:1 | Found Sedgh's General Store.
 38805 | Depths:1 | Found Leyn's Antique Armour Shop.
 38811 | Depths:1 | Bought a potion of might for 84 gold pieces
 38811 | Depths:1 | Bought a scroll of enchant weapon for 157 gold pieces
 38817 | Depths:1 | Bought a scroll of enchant weapon for 135 gold pieces
 38837 | Depths:1 | Found a gateway to Hell.
 39465 | Depths:2 | Noticed Bai Suzhen
 39466 | Depths:2 | Noticed Louise
 39492 | Depths:1 | Reached XP level 23. HP: 165/190 MP: 35/35
 39516 | Depths:1 | Killed Louise
 39531 | Depths:1 | Killed Bai Suzhen
 39532 | Depths:1 | Reached skill level 15 in Dodging
 39643 | Depths:2 | Reached skill level 17 in Invocations
 39933 | Depths:2 | Reached skill level 5 in Throwing
 40356 | Depths:2 | Acquired a manual of Shields
 40406 | Depths:2 | Acquired a +0 triple sword of holy wrath
 40472 | Depths:2 | Found Seivent's Book Emporium.
 40472 | Depths:2 | Found Zoadeg's Jewellery Boutique.
 40473 | Depths:2 | Found Quc Lial's Jewellery Boutique.
 40480 | Depths:2 | Bought a ring of flight for 227 gold pieces
 40794 | Depths:3 | Found a gateway to a ziggurat.
 40958 | Depths:2 | Reached skill level 18 in Invocations
 41186 | Depths:2 | Identified the +7 demon whip of Drought {flame, Dex+6}
 41657 | Depths:3 | Found a one-way gate leading to the halls of Pandemonium.
 41800 | Depths:3 | Reached XP level 24. HP: 184/197 MP: 36/36
 42037 | Depths:3 | Reached skill level 19 in Invocations
 43013 | Depths:4 | Found a snail-covered altar of Cheibriados.
 43383 | Depths:4 | Found Ynorr's Distillery.
 43390 | Depths:4 | Noticed a juggernaut
 43460 | Depths:3 | Killed a juggernaut
 43461 | Depths:3 | Reached skill level 20 in Invocations
 43689 | Depths:4 | Identified the ring of the Monkey {Fly rF+ Str+2}
 43942 | Depths:5 | Entered Level 5 of the Depths
 43968 | Depths:5 | Reached XP level 25. HP: 174/204 MP: 37/37
 44522 | Depths:5 | Reached skill level 21 in Invocations
 44791 | Depths:5 | Found a gate to the Realm of Zot.
 45281 | Depths:3 | Identified the +1 acid dragon scales of the Frog {Will+++
                  | rCorr MP+9 Dex+7 Slay-3}
 45523 | Crypt:1  | Entered Level 1 of the Crypt
 45525 | Crypt:1  | Acquired 915 gold pieces
 45881 | Crypt:1  | Found a basalt altar of Yredelemnul.
 46210 | Crypt:1  | Noticed Sojobo
 46222 | Crypt:1  | Killed Sojobo
 46949 | Crypt:2  | Noticed Margery
 46985 | Crypt:2  | Killed Margery
 47092 | Crypt:2  | Noticed Xtahua
 47109 | Crypt:2  | Killed Xtahua
 47126 | Crypt:2  | Reached skill level 22 in Invocations
 47301 | Crypt:2  | Reached XP level 26. HP: 203/211 MP: 31/38
 47711 | Crypt:3  | Entered Level 3 of the Crypt
 48093 | Crypt:3  | Found a staircase to the Tomb.
 49236 | Crypt:3  | Identified the +0 cloak of Orotimun {Contam rElec rCorr
                  | Dex+10}
 49257 | Crypt:3  | Identified the ring of Fysob {rElec Dex+6}
 49262 | Crypt:3  | Got Kikubaaqudgha's Volume of Dark Arts
 49267 | Crypt:3  | Identified the +8 fustibalus of Dried Tears {freeze, rPois
                  | Will- Int+4 Stlth+}
 49656 | Elf:1    | Entered Level 1 of the Elven Halls
 49924 | Elf:1    | Reached skill level 15 in Armour
 50595 | Elf:2    | Found a runed translucent gate.
 50595 | Elf:2    | Found a runed translucent gate.
 50595 | Elf:2    | Found a runed translucent gate.
 51078 | Elf:2    | Cast into level 2 of the Abyss (+4 long sword of
                  | distortion)
 51397 | Abyss:3  | Reached XP level 27. HP: 181/217 MP: 31/38
 51527 | Elf:2    | Escaped the Abyss
 51924 | Elf:3    | Entered Level 3 of the Elven Halls
 53046 | Elf:3    | Identified the +1 plate armour of Wesu {+Inv rF+ Int+3
                  | Dex-2}
 53059 | Elf:3    | Identified the +7 fire dragon scales of Diciq {-Cast +Inv
                  | rF++ rC- Int-3 Dex+7 Stlth+}
 53086 | Elf:3    | Got the Compendium of the Thirteen Quests
 53092 | Elf:3    | Identified the +6 morningstar of Karma {flame, rN+ Str-4
                  | Stlth+}
 53498 | Vaults:5 | Entered Level 5 of the Vaults
 53502 | Vaults:5 | Noticed an ancient lich
 53503 | Vaults:5 | Reached skill level 23 in Invocations
 53517 | Vaults:5 | Killed an ancient lich
 53518 | Vaults:5 | Noticed an ancient lich
 53532 | Vaults:5 | Killed an ancient lich
 54179 | Vaults:5 | Reached skill level 24 in Invocations
 54547 | Vaults:5 | Found Leaw's Antique Armour Shoppe.
 54549 | Vaults:5 | Got the Tome of Toxins and Curses
 54553 | Vaults:5 | Identified the ring "Ehopleq" {rN+ Dex+3 SInv}
 54944 | Vaults:5 | Got a silver rune of Zot
 55393 | Vaults:5 | Identified the +4 chain mail of the Sacrificial Victim
                  | {rElec Will+ Str+4 Int+3}
 55395 | Vaults:5 | Got the Guide on Ignition
 55647 | Hell     | Entered the Vestibule of Hell
 55647 | Hell     | Noticed Murray
 55647 | Hell     | Noticed Geryon
 55658 | Hell     | Killed Geryon
 55673 | Depths:1 | Killed Murray
 56133 | Hell     | Found a gateway to the freezing wastes of Cocytus.
 56242 | Hell     | Found a gateway to the Iron City of Dis.
 56249 | Hell     | Reached skill level 25 in Invocations
 56413 | Hell     | Found a gateway to the ashen valley of Gehenna.
 56483 | Hell     | Found a gateway to the decaying netherworld of Tartarus.
 56835 | Zot:1    | Entered Level 1 of the Realm of Zot
 56910 | Zot:1    | Noticed a Killer Klown
 56934 | Zot:1    | Killed a Killer Klown
 57088 | Zot:1    | Identified the +10 scale mail "Ceanluaps" {rPois rN++
                  | Slay-6}
 57746 | Zot:2    | Found a transporter.
 57750 | Zot:2    | Noticed Tuthrouhu's ghost (master DsGl)
 57752 | Zot:2    | Found a transporter.
 57752 | Zot:2    | Identified the +2 cloak of Jubuel Ujew {rElec rPois rC++
                  | Dex-2}
 57753 | Zot:2    | Found a bloodstained altar of Trog.
 57772 | Zot:2    | Identified the +2 cloak of Baldness {rPois rC- Int+8}
 57782 | Zot:2    | Identified the +4 trident "Qafa" {vamp, Will+}
 57796 | Zot:2    | Reached skill level 26 in Invocations
 58183 | Zot:2    | You fall into a shaft and drop 1 floor!
 59854 | Zot:3    | Identified the +11 plate armour "Hauxkeupn" {Harm rElec rF-
                  | rC+++}
 59874 | Zot:3    | Reached skill level 27 in Invocations
 60885 | Zot:4    | Noticed an orb of fire
 60894 | Zot:4    | Killed an orb of fire
 61060 | Zot:4    | Noticed a Killer Klown
 61067 | Zot:4    | Killed a Killer Klown
 62273 | Slime:1  | Entered Level 1 of the Pits of Slime
 62797 | Slime:4  | Lost mutation: You are dopey. (Int -2) [a shining eye]
 62828 | Slime:3  | Gained mutation: Your magical capacity is low. (-10% MP) [a
                  | shining eye]
 62829 | Slime:3  | Gained mutation: Your magical capacity is very low. (-20%
                  | MP) [a shining eye]
 62841 | Slime:3  | Gained mutation: You are clumsy. (Dex -2) [a shining eye]
 62843 | Slime:3  | Gained mutation: You are weak. (Str -2) [a shining eye]
 62856 | Slime:5  | Entered Level 5 of the Pits of Slime
 62882 | Slime:5  | Noticed the Royal Jelly
 62932 | Slime:5  | Killed the Royal Jelly
 63182 | Slime:5  | Identified the +8 shortbow of Woruablu {flame, Dex+2}
 63184 | Slime:5  | Got a slimy rune of Zot
 63199 | Slime:5  | Gained mutation: You are dopey. (Int -2) [a shining eye]
 63200 | Slime:5  | Gained mutation: Potions are less effective at restoring
                  | your health. [a shining eye]
 63349 | Slime:5  | Acquired 447 gold pieces
 63791 | D:9      | Bought a potion of mutation for 96 gold pieces
 63865 | D:11     | Bought a potion of mutation for 136 gold pieces
 64048 | Orc:2    | Killed mhtbhm's ghost
 64469 | Zot:2    | Killed Tuthrouhu's ghost
 64645 | Depths:4 | Voluntarily entered the Abyss.
 65452 | Depths:4 | Escaped the Abyss
 65612 | Depths:4 | Voluntarily entered the Abyss.
 66195 | Depths:4 | Escaped the Abyss
 66289 | Depths:4 | Voluntarily entered the Abyss.
 66481 | Abyss:2  | Found a corrupted altar of Lugonu.
 66565 | Abyss:2  | Found a broken altar of Ashenzari.
 66579 | Abyss:2  | Gained mutation: Your body sometimes deteriorates upon
                  | taking damage. [a neqoxec]
 67059 | Abyss:4  | Noticed an ancient lich
 67068 | Abyss:4  | Killed an ancient lich
 67303 | Abyss:4  | Noticed an ancient lich
 67319 | Abyss:4  | Killed an ancient lich
 67469 | Abyss:5  | Entered Level 5 of the Abyss
 67619 | Abyss:5  | Lost mutation: Your magical capacity is very low. (-20% MP)
                  | [potion of mutation]
 67619 | Abyss:5  | Lost mutation: You are weak. (Str -2) [potion of mutation]
 67619 | Abyss:5  | Lost mutation: Your body sometimes deteriorates upon taking
                  | damage. [potion of mutation]
 67620 | Abyss:5  | Lost mutation: You are clumsy. (Dex -2) [potion of
                  | mutation]
 67620 | Abyss:5  | Lost mutation: You are dopey. (Int -2) [potion of mutation]
 67620 | Abyss:5  | Lost mutation: Your magical capacity is low. (-10% MP)
                  | [potion of mutation]
 67620 | Abyss:5  | Gained mutation: You are somewhat resistant to further
                  | mutation. [potion of mutation]
 67733 | Depths:4 | Escaped the Abyss
 67878 | Zot:5    | Entered Level 5 of the Realm of Zot
 68436 | Zot:5    | Noticed a Killer Klown
 68442 | Zot:5    | Killed a Killer Klown
 68605 | Zot:5    | Noticed a dread lich
 68618 | Zot:5    | Killed a dread lich
 68647 | Zot:5    | Noticed an orb of fire
 68672 | Zot:5    | Killed an orb of fire
 68682 | Zot:5    | Noticed an orb of fire
 68687 | Zot:5    | Noticed an orb of fire
 68697 | Zot:5    | Gained mutation: You are dopey. (Int -2) [an orb of fire]
 68698 | Zot:5    | Noticed a Killer Klown
 68707 | Zot:5    | Killed an orb of fire
 68720 | Zot:5    | Killed an orb of fire
 68758 | Zot:5    | Killed a Killer Klown
 68827 | Zot:5    | Noticed an ancient lich
 68832 | Zot:5    | Killed an ancient lich
 68945 | Zot:5    | Noticed a Killer Klown
 68946 | Zot:5    | Noticed an orb of fire
 68954 | Zot:5    | Noticed an orb of fire
 68960 | Zot:5    | Gained mutation: You are weak. (Str -2) [an orb of fire]
 68967 | Zot:5    | Noticed a dread lich
 68969 | Zot:5    | Noticed an orb of fire
 68971 | Zot:5    | Killed an orb of fire
 68975 | Zot:5    | Gained mutation: Your magical capacity is low. (-10% MP)
                  | [an orb of fire]
 68977 | Zot:5    | Killed an orb of fire
 68978 | Zot:5    | Killed a Killer Klown
 68988 | Zot:5    | Killed an orb of fire
 68991 | Zot:5    | Killed a dread lich
 68994 | Zot:5    | Noticed an orb of fire
 69011 | Zot:5    | Killed an orb of fire
 69177 | Zot:5    | Noticed a Killer Klown
 69189 | Zot:5    | Killed a Killer Klown
 69399 | Zot:5    | Got the Orb of Zot
 69434 | Zot:5    | Noticed Jigidd the pandemonium lord
 69456 | Zot:5    | HP: 4/245 [Jigidd the pandemonium lord (34)]
 69461 | Zot:5    | Killed Jigidd the pandemonium lord
 69519 | Zot:5    | Lost mutation: You are dopey. (Int -2) [potion of mutation]
 69519 | Zot:5    | Lost mutation: You are weak. (Str -2) [potion of mutation]
 69519 | Zot:5    | Gained mutation: You do not regenerate when monsters are
                  | visible. [potion of mutation]
 69519 | Zot:5    | Gained mutation: Your skin changes colour to match your
                  | surroundings (Stealth+). [potion of mutation]
 69522 | Zot:5    | Lost mutation: You are somewhat resistant to further
                  | mutation. [potion of mutation]
 69522 | Zot:5    | Lost mutation: Potions are less effective at restoring your
                  | health. [potion of mutation]
 69522 | Zot:5    | Gained mutation: You evolve. [potion of mutation]
 69789 | Depths:1 | Noticed a seraph
 69791 | Depths:1 | Identified the +2 tower shield "Jyqen" {rF+ Dex+2}
 69940 | D:8      | Noticed Qior the pandemonium lord
 70121 | D:$      | Escaped with the Orb!

Illustrated notes

Levels and vault maps discovered:
D:1:      amcnicky_arrival_single_pillar, layout_basic, serial_curves,
          eino_curves_04, eino_curves_03, eino_curves_04
D:2:      layout_basic, grunt_decor_resistance, item_on_display_a, uniq_sigmund,
          uniq_terence
D:3:      layout_basic
D:4:      layout_cave_pods
D:5:      layout_basic, minmay_temple_entry_tees, minmay_ruined_shrine
D:6:      layout_rooms, uniq_crazy_yiuf_cottage
D:7:      layout_basic, minmay_bent, uniq_menkaure
D:8:      layout_basic
D:9:      layout_loops_ring, worldfamousw_hep_ancestral_shrine,
          david_lair_generic, serial_shops, shop_fountains, uniq_erica
D:10:     layout_basic, hangedman_abyss_or_decor_passed, minmay_rotating_lava,
          uniq_gastronok
D:11:     layout_roguey [special_room_orc], serial_shops, kennysheep_mini,
          nicolae_stop_n_shop_1, nicolae_shop_statue_plus,
          portal_ice_cave_entry_pillars_2
D:12:     layout_cave_pods, minmay_orc_entry_temple_small
D:13:     layout_loops_cross, lightli_vaults_fourway_checkpoint
D:14:     evilmike_makhleb_hellhole, layout_long_grid, nzn_wu_jian_council_hall
D:15:     gammafunk_depths_entry_grave, layout_rooms, hangedman_decor_points,
          pond
Temple:   minmay_crystal_snake_temple
Lair:1:   layout_cellular_growth, roderic_batcave, grunt_megastairs_2
Lair:2:   layout_cave_pods, swamp_mist, chequers_serial_rivers_room_b
Lair:3:   layout_gridlike, spider_nest_entry_funnel_web, serial_bayou_shore_b
Lair:4:   layout_misc_corridors, nicolae_volcano_entry_batcave
Lair:5:   layout_gridlike, nicolae_slime_entry_slimehenge, st_stairs_11,
          hangedman_lair_generics_rect, uniq_sonja
Lair:6:   minmay_lair_end_frog_pond, layout_loops_ring, basic_altar,
          serial_bayou_shore_a
Swamp:1:  layout_basic_swamp, evilmike_swamp_ruin_house_1, swamp_pool3
Swamp:2:  layout_basic_swamp, hangedman_swamp_lotus, swamp_pool1,
          infiniplex_staircase_pool, uniq_kirke
Swamp:3:  layout_basic_swamp, nicolae_swamp_dense_foliage, swamp_pool1,
          cheibrodos_swamp_minitomb
Swamp:4:  swamp, layout_basic_swamp, swamp_pool2, nicolae_swamp_baby_hydras,
          uniq_donald
Spider:1: layout_chambers
Spider:2: layout_chambers, drop_trap
Spider:3: layout_spider_delve, uniq_asterion
Spider:4: spider_rune_water
Slime:1:  layout_caves
Slime:2:  layout_caves
Slime:3:  cheibrodos_slime_lost_civilization_9, layout_caves,
          nicolae_slime_round_cave
Slime:4:  layout_caves
Slime:5
Orc:1:    layout_caves
Orc:2:    st_orc_mages, layout_caves, gammafunk_ghost_abyssal_escape,
          elf_legates, uniq_azrael
Elf:1:    nicolae_elf_arrival_fired_up, layout_loops_cross,
          hangedman_elf_represent, minivault_27, grunt_ministairs_2
Elf:2:    elven_hall_of_blades_hangedman_original
          [nicolae_blade_entry_sentries_behind_glass], layout_geoelf_octagon
Elf:3:    minmay_elf_hall_circle, layout_geoelf_castle
Vaults:1: v_misc_12, ontoclasm_vaults_chip, nicolae_vaults_little_squares_4,
          vaults_mumra_hex, vaults_room_semicircle, v_misc_3,
          nicolae_vaults_hallways_thing, v_misc_17, ontoclasm_vaults_ring_small,
          nicolae_vaults_little_squares_1, grunt_vaults_hallway_short,
          serial_ice_m, layout_vaults_ring, serial_shops,
          nicolae_shop_behind_doors
Vaults:2: vaults_room_ringed_pool, ontoclasm_vaults_bender,
          vaults_room_stairs_pillars, grunt_vaults_hallway_long,
          vaults_dpeg_doors, nicolae_vaults_border_crossing, v_alt_pattern_1,
          nicolae_vaults_diagonal_hallway_9, vaults_mumra_chevron, v_misc_1,
          vaults_room_corners, vaults_room_boxed,
          nicolae_vaults_little_squares_4, minmay_crypt_entry_simple_box,
          v_misc_10, layout_vaults_maze_snakey
Vaults:3: vaults_room_door_hall, vaults_mumra_chevron_long,
          vaults_dpeg_diagonal, ontoclasm_vaults_loading_screen,
          nicolae_vaults_circle_grid_a, vaults_room_pool, v_misc_3,
          hangedman_vaults_cutoff, v_misc_1, dpeg_vaults_monster_box,
          nicolae_vaults_specimen_jars, layout_vaults_chaotic_city,
          serial_hangedman_research, hangedman_research_metamorphosis,
          hangedman_research_thermodynamics, hangedman_research_quantum
Vaults:4: v_misc_8, nicolae_vaults_diagonal_hallway_9, v_misc_29,
          nicolae_vaults_little_squares_3, vaults_room_fancy_cross,
          vaults_room_semicircle, v_misc_22, ontoclasm_vaults_eye,
          layout_vaults_omnigrid, serial_shops, nicolae_shop_behind_doors
Vaults:5
Crypt:1:  layout_catacombs, minivault_24, amcnicky_mini_pool_small,
          lemuel_mausoleum_altar_yredelemnul, roderic_lattice_octagonal_star,
          uniq_sojobo
Crypt:2:  layout_basic, uniq_xtahua, uniq_margery
Crypt:3:  due_elkab, layout_chaotic_city, serial_sigils_hangedman_snap
Depths:1: layout_gridlike, hell_entry, minmay_misc_feat_ornament,
          kennysheep_generic_room_8, minmay_shoptagon
Depths:2: grunt_bruiser_brothers, layout_cave_pools, hellmouth_1,
          nicolae_abyss_entry_one_way_or_another, chequers_big_river,
          firewood_loft, infiniplex_staircase_pool_1, minmay_shop_grove,
          uniq_bai_suzhen
Depths:3: kennysheep_demon_jail, layout_basic, enter_ziggurat_f,
          rand_demon_pan_entry_7, grunt_hell_entry_dis_mu,
          chequers_decorated_corner
Depths:4: cheibrodos_spurs, layout_cave_pools, hangedman_coc_ice_floe,
          abyss_entry, nicolae_take_the_stairs, slow_altar_1,
          minmay_staircase_windowed_small
Depths:5: evilmike_zot_entry_diamond, layout_long_grid, grunt_decor_arrowhead,
          hangedman_tar_grid_catacomb
Hell
Zot:1:    cheibrodos_zot_enchanting_chambers, layout_twisted_circle
Zot:2:    lemuel_firehouse, layout_cathedral_of_symmetry,
          gammafunk_ghost_wrathful_warriors
Zot:3:    layout_cathedral_of_symmetry, grunt_ministairs_12, zot_minivault_5
Zot:4:    layout_gridlike, hangedman_zot_decor_scrapings, st_stairs_3,
          grunt_ministairs_11
Zot:5:    layout_cathedral_of_symmetry

Skill      XL: |  1  2  3  4  5  6  7  8  9 10 11 12 13 14 15 16 17 18 19 20 21 22 23 24 25 26 27 |
---------------+----------------------------------------------------------------------------------+-----
Armour         | 1 2 3 4 5 8 13 14 15 26 | 26.0
Long Blades    | 4 5 6 8 10 12 13 14 16 19 20 21 22 23 24 | 24.0
Throwing       | 1 2 7 |  7.0
Fighting       | 4 5 6 10 13 17 18 26 | 26.0
Invocations    | 1 4 6 10 14 15 16 18 20 22 27 | 27.0
Evocations     | 3 5 9 12 | 12.0
Shields        | 3 8 11 13 14 15 | 15.0
Dodging        | 4 7 10 12 13 14 15 22 | 22.0
Stealth        | |  2.4

Action                   |  1- 3 |  4- 6 |  7- 9 | 10-12 | 13-15 | 16-18 | 19-21 | 22-24 | 25-27 || total
-------------------------+-------+-------+-------+-------+-------+-------+-------+-------+-------++-------
Melee: Falchion          |   120 |   148 |   135 |       |       |       |       |       |       ||   403
       Long sword        |       |       |   135 |   515 |   960 |   724 |   128 |       |       ||  2462
       Scimitar          |       |       |       |    41 |       |       |       |       |       ||    41
       Demon blade       |       |       |       |       |       |   624 |   627 |   296 |   466 ||  2013
       Great sword       |       |       |       |       |       |       |   416 |  1040 |  1607 ||  3063
       Triple sword      |       |       |       |       |       |       |       |    52 |  1936 ||  1988
Throw: Boomerang         |       |    14 |    72 |    26 |    22 |    10 |       |       |       ||   144
       Dart              |       |       |     5 |    13 |     1 |       |       |       |       ||    19
       Javelin           |       |       |       |       |       |       |       |     2 |       ||     2
Invok: Upheaval          |       |       |     1 |     6 |     8 |    30 |    21 |     8 |    69 ||   143
       Elemental Force   |       |       |       |     1 |       |       |       |       |     4 ||     5
       Disaster Area     |       |       |       |       |     1 |     2 |     4 |     1 |    17 ||    25
 Abil: Dig               |       |       |       |       |       |     9 |     1 |    20 |    19 ||    49
       Shaft Self        |       |       |       |       |       |     1 |       |       |       ||     1
Evoke: Wand              |       |       |     2 |    12 |    13 |     8 |     2 |     1 |     2 ||    40
       Condenser vane    |       |       |       |     1 |       |     1 |       |       |     5 ||     7
       Tin of tremorston |       |       |       |       |       |       |       |       |     2 ||     2
  Use: Scroll            |       |       |     4 |    15 |     6 |     5 |    10 |     6 |    21 ||    67
       Potion            |       |       |       |     3 |       |     6 |     5 |     1 |    49 ||    64
 Stab: Sleeping          |     2 |       |       |       |       |       |       |       |       ||     2
       Petrified         |       |       |       |       |     9 |       |       |       |       ||     9
       Paralysed         |       |       |       |       |     3 |     8 |       |       |       ||    11
       Petrifying        |       |       |       |       |     3 |       |       |       |       ||     3
       Held in net/web   |       |       |       |       |       |     1 |       |       |       ||     1
       Confused          |       |       |       |       |       |       |     1 |       |       ||     1
       Distracted        |       |       |       |       |       |       |       |     1 |     2 ||     3
       Invisible         |       |       |       |       |       |       |       |       |     1 ||     1
Armor: Chain mail        |    65 |    58 |       |    94 |       |   113 |   297 |       |       ||   627
       Plate armour      |       |       |   159 |     3 |       |       |       |   290 |   242 ||   694
       Animal skin       |       |       |       |    14 |    64 |    92 |       |       |       ||   170
       Scale mail        |       |       |       |       |       |       |    77 |    57 |       ||   134
       Gold dragon scale |       |       |       |       |       |       |       |       |   633 ||   633
       Fire dragon scale |       |       |       |       |       |       |       |       |    15 ||    15
Dodge: Dodged            |    41 |    71 |    76 |    81 |   148 |   339 |   361 |   373 |  1521 ||  3011
       Repelled          |       |       |       |     1 |     5 |    11 |     6 |    10 |   107 ||   140
Block: Other             |       |       |    22 |     3 |       |       |     2 |       |       ||    27
       Kite shield       |       |       |       |   375 |   703 |  1284 |  1206 |  1310 |  3396 ||  8274
       Rpst.: Falchion   |    10 |    18 |    13 |       |       |       |       |       |       ||    41
       Long sword        |       |       |     6 |    19 |    43 |    36 |     6 |       |       ||   110
       Scimitar          |       |       |       |     3 |       |       |       |       |       ||     3
       Demon blade       |       |       |       |       |       |    30 |    30 |    11 |    21 ||    92
       Great sword       |       |       |       |       |       |       |    27 |    48 |    96 ||   171
       Triple sword      |       |       |       |       |       |       |       |     4 |   115 ||   119
